TOP OF THE 1ST |
Mississippi Mockingbirds batting - Pitching for Buffalo White Walkers : RHP Dusty Fox
|
Pitching: RHP Dusty Fox
|
|
Batting: LHB Rylen Roersma
|
0-0: Ball 1-0: Ball 2-0: Ball 3-0: Base on Balls
|
Batting: LHB Manoo Satyavrat
|
0-0: Fly out, F9 (Flyball, 9, EV 72.5 MPH)
|
Batting: SHB Lupo Cotto
|
0-0: Called Strike 0-1: Fly out, F9 (Flyball, 89S, EV 84.4 MPH)
|
Batting: LHB Javier Sánchez
|
0-0: Ball 1-0: Swinging Strike 1-1: Ground out 1-3 (Groundball, P, EV 66.9 MPH)
|
Top of the 1st over - 0 runs, 0 hits, 0 errors, 1 left on base; Mississippi 0 - Buffalo 0 |
BOTTOM OF THE 1ST |
Buffalo White Walkers batting - Pitching for Mississippi Mockingbirds : RHP Jimmy O'Flahavan
|
Pitching: RHP Jimmy O'Flahavan
|
|
Batting: LHB Dread Roberts
|
0-0: Ball 1-0: Ball 2-0: Called Strike 2-1: Ball 3-1: DOUBLE (Line Drive, 7LS, EV 96.2 MPH)
|
Batting: LHB Jesús Lazcano
|
0-0: Ball 1-0: Ball 2-0: Called Strike 2-1: Ball 3-1: Base on Balls
|
Batting: SHB Je-myung Yu
|
0-0: Ball 1-0: Called Strike 1-1: Foul Ball, location: 2F 1-2: 3-RUN HOME RUN (Flyball, 9D, EV 97.5 MPH), Distance : 388 ft
|
Batting: RHB Derek Bangert
|
0-0: Called Strike 0-1: Reached on error, E6 (Groundball, 6, EV 103.8 MPH)
|
Batting: LHB Gilberto Ocasio
|
0-0: Ball 1-0: Ball 2-0: Ball 3-0: Called Strike 3-1: Foul Ball, location: 2F 3-2: Strikes out looking
|
Batting: RHB Roger Caffyn
|
0-0: Swinging Strike 0-1: Fly out, F8 (Flyball, 89S, EV 82.5 MPH)
|
Batting: RHB Daryl Yandell
|
0-0: Ball 1-0: Foul Ball, location: 2F 1-1: Ball 2-1: Foul Ball, location: 2F 2-2: Ball 3-2: Fly out, F7 (Flyball, 78M, EV 81.2 MPH)
|
Bottom of the 1st over - 3 runs, 2 hits, 1 error, 1 left on base; Mississippi 0 - Buffalo 3 |
TOP OF THE 2ND |
Mississippi Mockingbirds batting - Pitching for Buffalo White Walkers : RHP Dusty Fox
|
Batting: SHB Robby Patterson
|
0-0: SINGLE (Line Drive, 89M, EV 111.2 MPH)
|
Batting: RHB Cornelio Japón
|
0-0: Foul Ball, location: 2F 0-1: Ball 1-1: SINGLE (Groundball, 6D, EV 103.8 MPH) Robby Patterson to second
|
Batting: RHB Bobby Butterfield
|
0-0: Ball 1-0: Foul Ball, location: 2F 1-1: Ball 2-1: Grounds into double play, 6-4-3 (Groundball, 56, EV 101.2 MPH) Robby Patterson to third
|
Batting: RHB Ellis Greenham
|
0-0: Ball 1-0: Foul Ball, location: 2F 1-1: Swinging Strike 1-2: Ground out 6-3 (Groundball, 6, EV 87.5 MPH)
|
Top of the 2nd over - 0 runs, 2 hits, 0 errors, 1 left on base; Mississippi 0 - Buffalo 3 |
BOTTOM OF THE 2ND |
Buffalo White Walkers batting - Pitching for Mississippi Mockingbirds : RHP Jimmy O'Flahavan
|
Batting: RHB Tom Smythe
|
0-0: Called Strike 0-1: Ball 1-1: Foul Ball, location: 2F 1-2: Strikes out swinging
|
Batting: RHB Panas Pletnev
|
0-0: Ball 1-0: SINGLE (Line Drive, 78S, EV 105.6 MPH)
|
Batting: LHB Dread Roberts
|
0-0: Called Strike 0-1: SINGLE (Groundball, 34D, EV 100.0 MPH) (infield hit) Panas Pletnev to second
|
Batting: LHB Jesús Lazcano
|
0-0: Swinging Strike 0-1: Called Strike 0-2: Strikes out swinging
|
Batting: SHB Je-myung Yu
|
0-0: Fielders Choice at 2nd, 6-4 (Groundball, 6, EV 87.5 MPH)
|
Bottom of the 2nd over - 0 runs, 2 hits, 0 errors, 2 left on base; Mississippi 0 - Buffalo 3 |
TOP OF THE 3RD |
Mississippi Mockingbirds batting - Pitching for Buffalo White Walkers : RHP Dusty Fox
|
Batting: SHB Jorge Iglésias
|
0-0: Ground out U3 (Groundball, 3L, EV 89.4 MPH)
|
Batting: LHB Rylen Roersma
|
0-0: Called Strike 0-1: SINGLE (Line Drive, 78S, EV 113.8 MPH)
|
Batting: LHB Manoo Satyavrat
|
0-0: Foul Ball, location: 2F 0-1: Ball 1-1: Foul Ball, location: 2F 1-2: Foul Ball, location: 2F 1-2: Ball 2-2: Fielders Choice at 2nd, 4-6 (Groundball, 34, EV 90.0 MPH)
|
Batting: SHB Lupo Cotto
|
0-0: Ball 1-0: Called Strike 1-1: Called Strike 1-2: Ball 2-2: Ball 3-2: Foul Ball, location: 2F 3-2: Foul Ball, location: 2F 3-2: TRIPLE (Flyball, 8RXD, EV 93.1 MPH) Manoo Satyavrat scores
|
Batting: LHB Javier Sánchez
|
0-0: Fly out, F7 (Flyball, 7S, EV 81.9 MPH)
|
Top of the 3rd over - 1 run, 2 hits, 0 errors, 1 left on base; Mississippi 1 - Buffalo 3 |
BOTTOM OF THE 3RD |
Buffalo White Walkers batting - Pitching for Mississippi Mockingbirds : RHP Jimmy O'Flahavan
|
Batting: RHB Derek Bangert
|
0-0: Ball 1-0: Ball 2-0: Called Strike 2-1: Foul Ball, location: 2F 2-2: DOUBLE (Line Drive, 3D, EV 95.6 MPH)
|
Batting: LHB Gilberto Ocasio
|
0-0: Ground out 1-3 (Groundball, 34S, EV 69.4 MPH) Derek Bangert to third
|
Batting: RHB Roger Caffyn
|
0-0: Ball 1-0: Swinging Strike 1-1: Ball 2-1: Ball 3-1: Called Strike 3-2: Base on Balls
|
Batting: RHB Daryl Yandell
|
0-0: Ball 1-0: Foul Ball, location: 2F 1-1: Fly out, F7 (Flyball, 7S, EV 79.4 MPH)
|
Batting: RHB Tom Smythe
|
0-0: Foul Ball, location: 2F 0-1: Foul Ball, location: 2F 0-2: Ball 1-2: Ball 2-2: Ball 3-2: Strikes out swinging
|
Bottom of the 3rd over - 0 runs, 1 hit, 0 errors, 2 left on base; Mississippi 1 - Buffalo 3 |
TOP OF THE 4TH |
Mississippi Mockingbirds batting - Pitching for Buffalo White Walkers : RHP Dusty Fox
|
Batting: SHB Robby Patterson
|
0-0: Ball 1-0: Foul Ball, location: 2F 1-1: Called Strike 1-2: Ground out 4-3 (Groundball, 4M, EV 108.1 MPH)
|
Batting: RHB Cornelio Japón
|
0-0: Called Strike 0-1: Called Strike 0-2: Ball 1-2: Strikes out swinging
|
Batting: RHB Bobby Butterfield
|
0-0: Foul Ball, location: 2F 0-1: Foul Ball, location: 2F 0-2: Strikes out swinging
|
Top of the 4th over - 0 runs, 0 hits, 0 errors, 0 left on base; Mississippi 1 - Buffalo 3 |
BOTTOM OF THE 4TH |
Buffalo White Walkers batting - Pitching for Mississippi Mockingbirds : RHP Jimmy O'Flahavan
|
Batting: RHB Panas Pletnev
|
0-0: Ball 1-0: Fly out, F7 (Line Drive, 7, EV 88.8 MPH)
|
Batting: LHB Dread Roberts
|
0-0: Called Strike 0-1: SINGLE (Groundball, 4D, EV 96.2 MPH)
|
Batting: LHB Jesús Lazcano
|
0-0: Called Strike 0-1: Ball 1-1: Called Strike 1-2: Ball 2-2: Foul Ball, location: 2F 2-2: DOUBLE (Groundball, 3L, EV 108.1 MPH) Dread Roberts to third Runner from 3rd tries for Home, SAFE, throw by RF to trailing runner, SAFE at third!
|
Batting: SHB Je-myung Yu
|
0-0: Ball 1-0: Foul Ball, location: 2F 1-1: Ball 2-1: Foul Ball, location: 2F 2-2: Ball 3-2: Fly out, F8 (Flyball, 8LD, EV 101.2 MPH) Runner from 3rd tags up, SCORES, throw by CF
|
Batting: RHB Derek Bangert
|
0-0: Ball 1-0: SINGLE (Flyball, 8RS, EV 90.6 MPH)
|
Batting: LHB Gilberto Ocasio
|
0-0: Ball 1-0: Foul Ball, location: 2F 1-1: Ball 2-1: Ball 3-1: Base on Balls Derek Bangert to second
|
Batting: RHB Roger Caffyn
|
0-0: Ball 1-0: Foul Ball, location: 2F 1-1: Ball 2-1: Called Strike 2-2: Fielders Choice at 2nd, 6-4 (Groundball, 6, EV 83.8 MPH)
|
Bottom of the 4th over - 2 runs, 3 hits, 0 errors, 2 left on base; Mississippi 1 - Buffalo 5 |
TOP OF THE 5TH |
Mississippi Mockingbirds batting - Pitching for Buffalo White Walkers : RHP Dusty Fox
|
Batting: RHB Ellis Greenham
|
0-0: DOUBLE (Line Drive, 9LS, EV 96.2 MPH)
|
Batting: SHB Jorge Iglésias
|
0-0: Fly out, F8 (Flyball, 78D, EV 97.5 MPH)
|
Batting: LHB Rylen Roersma
|
0-0: Ball 1-0: SINGLE (Groundball, 34D, EV 99.4 MPH) Ellis Greenham to third Runner from 3rd tries for Home, SAFE, throw by RF to home Rylen Roersma to second
|
Batting: LHB Manoo Satyavrat
|
0-0: Called Strike 0-1: Foul Ball, location: 2F 0-2: Strikes out swinging
|
Batting: SHB Lupo Cotto
|
0-0: SINGLE (Groundball, 34D, EV 101.9 MPH) Rylen Roersma to third Runner from 3rd tries for Home, SAFE, no throw by RF
|
Batting: LHB Javier Sánchez
|
0-0: Ball 1-0: Called Strike Lupo Cotto is caught stealing 2nd base 2-6
|
Top of the 5th over - 2 runs, 3 hits, 0 errors, 0 left on base; Mississippi 3 - Buffalo 5 |
BOTTOM OF THE 5TH |
Buffalo White Walkers batting - Pitching for Mississippi Mockingbirds : RHP Jimmy O'Flahavan
|
Batting: RHB Daryl Yandell
|
0-0: Ground out 5-3 (Groundball, 56, EV 105.6 MPH)
|
Batting: RHB Tom Smythe
|
0-0: Ball 1-0: Ball 2-0: Ball 3-0: Called Strike 3-1: Fly out, F7 (Line Drive, 7, EV 100.6 MPH)
|
Batting: RHB Panas Pletnev
|
0-0: Called Strike 0-1: Ball 1-1: Ball 2-1: Swinging Strike 2-2: SINGLE (Line Drive, 78M, EV 105.6 MPH)
|
Pitching: RHP Morton Steele
|
|
Batting: LHB Dread Roberts
|
0-0: SINGLE (Line Drive, 8RS, EV 92.5 MPH) Panas Pletnev to second Runner from 2nd tries for 3rd, SAFE, throw by CF made to third
|
Batting: LHB Jesús Lazcano
|
0-0: Ground out 1-3 (Groundball, 34S, EV 68.8 MPH)
|
Bottom of the 5th over - 0 runs, 2 hits, 0 errors, 2 left on base; Mississippi 3 - Buffalo 5 |
TOP OF THE 6TH |
Mississippi Mockingbirds batting - Pitching for Buffalo White Walkers : RHP Dusty Fox
|
Batting: LHB Javier Sánchez
|
0-0: SINGLE (Groundball, 3D, EV 100.0 MPH)
|
Batting: SHB Robby Patterson
|
0-0: Foul Ball, location: 2F 0-1: Swinging Strike 0-2: Ball 1-2: Foul Ball, location: 2F 1-2: Ball 2-2: Fly out, F8 (Flyball, 78S, EV 72.5 MPH)
|
Batting: RHB Cornelio Japón
|
0-0: Ball 1-0: Foul Ball, location: 2F 1-1: Foul Ball, location: 2F 1-2: Strikes out looking
|
Batting: RHB Bobby Butterfield
|
0-0: Ball 1-0: Foul Ball, location: 2F 1-1: Foul Ball, location: 2F 1-2: Ball 2-2: 2-RUN HOME RUN (Flyball, 78XD, EV 100.6 MPH), Distance : 374 ft
|
Batting: RHB Ellis Greenham
|
0-0: Called Strike 0-1: Ball 1-1: Ball 2-1: Ball 3-1: Foul Ball, location: 2F 3-2: Base on Balls
|
Pitching: RHP Damien Hayward
|
|
Batting: SHB Jorge Iglésias
|
0-0: Ball 1-0: Foul Ball, location: 2F 1-1: Ball 2-1: Foul Ball, location: 2F 2-2: SINGLE (Flyball, 8LS, EV 85.0 MPH) Ellis Greenham to second
|
Batting: LHB Rylen Roersma
|
0-0: Called Strike 0-1: Ball 1-1: Fielders Choice at 2nd, 6-4 (Groundball, 6, EV 76.9 MPH)
|
Top of the 6th over - 2 runs, 3 hits, 0 errors, 2 left on base; Mississippi 5 - Buffalo 5 |
BOTTOM OF THE 6TH |
Buffalo White Walkers batting - Pitching for Mississippi Mockingbirds : RHP Morton Steele
|
Batting: SHB Je-myung Yu
|
0-0: Ball 1-0: Foul Ball, location: 2F 1-1: Ball 2-1: Ball 3-1: Foul Ball, location: 2F 3-2: Foul Ball, location: 2F 3-2: Fly out, F9 (Flyball, 9D, EV 86.9 MPH)
|
Batting: RHB Derek Bangert
|
0-0: Called Strike 0-1: Ball 1-1: Ground out 6-3 (Groundball, 6, EV 88.1 MPH)
|
Batting: LHB Gilberto Ocasio
|
0-0: Called Strike 0-1: Foul Ball, location: 2F 0-2: Strikes out looking
|
Bottom of the 6th over - 0 runs, 0 hits, 0 errors, 0 left on base; Mississippi 5 - Buffalo 5 |
TOP OF THE 7TH |
Mississippi Mockingbirds batting - Pitching for Buffalo White Walkers : RHP Damien Hayward
|
Batting: LHB Manoo Satyavrat
|
0-0: Called Strike 0-1: Swinging Strike 0-2: Ball 1-2: Ball 2-2: Strikes out swinging
|
Batting: SHB Lupo Cotto
|
0-0: Ball 1-0: Hit by Pitch
|
Batting: LHB Javier Sánchez
|
0-0: Fly out, F6 (Popup, 6M, EV 60.0 MPH)
|
Batting: SHB Robby Patterson
|
0-0: Ball Lupo Cotto is caught stealing 2nd base 2-6
|
Top of the 7th over - 0 runs, 0 hits, 0 errors, 0 left on base; Mississippi 5 - Buffalo 5 |
BOTTOM OF THE 7TH |
Buffalo White Walkers batting - Pitching for Mississippi Mockingbirds : RHP Morton Steele
|
Batting: RHB Roger Caffyn
|
0-0: Called Strike 0-1: Foul Ball, location: 2F 0-2: Foul Ball, location: 2F 0-2: Foul Ball, location: 2F 0-2: Foul Ball, location: 2F 0-2: Ball 1-2: Fly out, F9 (Flyball, 89S, EV 87.5 MPH)
|
Batting: RHB Daryl Yandell
|
0-0: Ball 1-0: Called Strike 1-1: Ball 2-1: Fly out, F9 (Flyball, 9LS, EV 75.6 MPH)
|
Pitching: RHP Nam Yee Yong
|
|
Batting: RHB Tom Smythe
|
0-0: Ball 1-0: SINGLE (Line Drive, 4D, EV 104.4 MPH)
|
Batting: RHB Panas Pletnev
|
0-0: Called Strike Tom Smythe is caught stealing 2nd base 2-4
|
Bottom of the 7th over - 0 runs, 1 hit, 0 errors, 0 left on base; Mississippi 5 - Buffalo 5 |
TOP OF THE 8TH |
Mississippi Mockingbirds batting - Pitching for Buffalo White Walkers : RHP Damien Hayward
|
Batting: SHB Robby Patterson
|
0-0: Called Strike 0-1: Ball 1-1: Ground out 6-3 (Groundball, 6, EV 104.4 MPH)
|
Batting: RHB Cornelio Japón
|
0-0: Ball 1-0: Called Strike 1-1: Ball 2-1: Ground out 5-3 (Groundball, 56S, EV 76.9 MPH)
|
Batting: RHB Bobby Butterfield
|
0-0: Ball 1-0: Ground out 6-3 (Groundball, 6D, EV 96.9 MPH)
|
Top of the 8th over - 0 runs, 0 hits, 0 errors, 0 left on base; Mississippi 5 - Buffalo 5 |
BOTTOM OF THE 8TH |
Buffalo White Walkers batting - Pitching for Mississippi Mockingbirds : RHP Nam Yee Yong
|
Batting: RHB Panas Pletnev
|
0-0: Ground out 5-3 (Groundball, 56S, EV 75.0 MPH)
|
Batting: LHB Dread Roberts
|
0-0: Ground out 4-3 (Groundball, 4, EV 81.2 MPH)
|
Batting: LHB Jesús Lazcano
|
0-0: Fly out, F5 (Popup, 5SF, EV 72.5 MPH)
|
Bottom of the 8th over - 0 runs, 0 hits, 0 errors, 0 left on base; Mississippi 5 - Buffalo 5 |
TOP OF THE 9TH |
Mississippi Mockingbirds batting - Pitching for Buffalo White Walkers : RHP Damien Hayward
|
Pinch Hitting: RHB Tae-cho Han
|
0-0: Called Strike 0-1: Foul Ball, location: 2F 0-2: Strikes out swinging
|
Pinch Hitting: RHB Orlando Velásquez
|
0-0: Ball 1-0: Ball 2-0: Ball 3-0: Called Strike 3-1: Foul Ball, location: 2F 3-2: Base on Balls
|
Batting: LHB Rylen Roersma
|
0-0: Ball 1-0: Grounds into double play, 4-6-3 (Groundball, 4, EV 105.0 MPH)
|
Top of the 9th over - 0 runs, 0 hits, 0 errors, 0 left on base; Mississippi 5 - Buffalo 5 |
BOTTOM OF THE 9TH |
Buffalo White Walkers batting - Pitching for Mississippi Mockingbirds : RHP Nam Yee Yong
|
Pitching: RHP King Kelly
|
|
Now at 3B: Orlando Velásquez
|
|
Now at SS: Brian Rowe
|
|
Batting: SHB Je-myung Yu
|
0-0: Ball 1-0: Foul Ball, location: 2F 1-1: Ball 2-1: Foul Ball, location: 2F 2-2: Ball 3-2: Base on Balls
|
Batting: RHB Derek Bangert
|
0-0: Ball 1-0: Ball 2-0: Ball 3-0: Called Strike 3-1: Foul Ball, location: 2F 3-2: Foul Ball, location: 2F 3-2: Foul Ball, location: 2F 3-2: Strikes out looking
|
Batting: LHB Gilberto Ocasio
|
0-0: Called Strike 0-1: Swinging Strike 0-2: Foul Ball, location: 2F 0-2: Foul Ball, location: 2F 0-2: Foul Ball, location: 2F 0-2: Ball 1-2: Foul Ball, location: 2F 1-2: Foul Ball, location: 2F 1-2: Ball 2-2: Foul Ball, location: 2F 2-2: Ball 3-2: Base on Balls Je-myung Yu to second
|
Pinch Runner at 2nd Cisco Feijoo:
|
|
Pinch Hitting: LHB Vicente Gonzáles
|
0-0: Ball 1-0: Foul Ball, location: 2F 1-1: Swinging Strike 1-2: Ball 2-2: Strikes out swinging
|
Batting: RHB Daryl Yandell
|
0-0: Called Strike 0-1: Ball 1-1: Fielders Choice at 2nd, 5-4 (Groundball, 5, EV 108.1 MPH)
|
Bottom of the 9th over - 0 runs, 0 hits, 0 errors, 2 left on base; Mississippi 5 - Buffalo 5 |
TOP OF THE 10TH |
Mississippi Mockingbirds batting - Pitching for Buffalo White Walkers : RHP Damien Hayward
|
Pitching: RHP Woodward Haberdash
|
|
Now at 2B: Luis Tañón
|
|
Batting: LHB Manoo Satyavrat
|
0-0: Swinging Strike 0-1: Called Strike 0-2: Ball 1-2: Strikes out looking
|
Batting: SHB Lupo Cotto
|
0-0: Ball 1-0: Swinging Strike 1-1: Ball 2-1: Foul Ball, location: 2F 2-2: Strikes out swinging
|
Batting: LHB Javier Sánchez
|
0-0: Ball 1-0: Called Strike 1-1: Ball 2-1: Foul Ball, location: 2F 2-2: Ball 3-2: Strikes out swinging
|
Top of the 10th over - 0 runs, 0 hits, 0 errors, 0 left on base; Mississippi 5 - Buffalo 5 |
BOTTOM OF THE 10TH |
Buffalo White Walkers batting - Pitching for Mississippi Mockingbirds : RHP King Kelly
|
Pitching: RHP Folkert van Huizen
|
|
Batting: RHB Tom Smythe
|
0-0: Called Strike 0-1: Ball 1-1: Foul Ball, location: 2F 1-2: Strikes out swinging
|
Batting: RHB Panas Pletnev
|
0-0: Ball 1-0: SINGLE (Flyball, 78S, EV 98.1 MPH)
|
Batting: LHB Dread Roberts
|
0-0: Ball 1-0: Ball 2-0: SINGLE (Groundball, 4D, EV 100.6 MPH) Panas Pletnev to second Runner from 2nd tries for 3rd, OUT! 9-5
|
Batting: LHB Jesús Lazcano
|
0-0: Called Strike 0-1: Ball 1-1: Swinging Strike 1-2: Strikes out swinging
|
Bottom of the 10th over - 0 runs, 2 hits, 0 errors, 1 left on base; Mississippi 5 - Buffalo 5 |
TOP OF THE 11TH |
Mississippi Mockingbirds batting - Pitching for Buffalo White Walkers : RHP Woodward Haberdash
|
Batting: SHB Robby Patterson
|
0-0: Called Strike 0-1: Ball 1-1: Ball 2-1: Ball 3-1: Base on Balls
|
Batting: RHB Cornelio Japón
|
0-0: Called Strike 0-1: Foul Ball, location: 2F 0-2: Ball 1-2: Ball 2-2: Fly out, F7 (Flyball, 7, EV 94.4 MPH)
|
Batting: RHB Bobby Butterfield
|
0-0: Ball 1-0: Foul Ball, location: 2F 1-1: Ball 2-1: Swinging Strike 2-2: Strikes out looking
|
Batting: RHB Brian Rowe
|
0-0: Called Strike 0-1: Called Strike 0-2: Strikes out swinging
|
Top of the 11th over - 0 runs, 0 hits, 0 errors, 1 left on base; Mississippi 5 - Buffalo 5 |
BOTTOM OF THE 11TH |
Buffalo White Walkers batting - Pitching for Mississippi Mockingbirds : RHP Folkert van Huizen
|
Batting: RHB Cisco Feijoo
|
0-0: Ball 1-0: Foul Ball, location: 2F 1-1: Ground out 1-5-3 (Groundball, 15S, EV 101.2 MPH)
|
Batting: RHB Derek Bangert
|
0-0: Ball 1-0: Called Strike 1-1: Hit by Pitch
|
Batting: LHB Gilberto Ocasio
|
0-0: Called Strike 0-1: Ball 1-1: Swinging Strike 1-2: Fielders Choice at 2nd, 3-6 (Groundball, 3, EV 83.8 MPH)
|
Batting: RHB Luis Tañón
|
0-0: DOUBLE (Line Drive, 89D, EV 106.9 MPH) Gilberto Ocasio to third Runner from 3rd tries for Home, SAFE, no throw by CF
|
 |
Friday, April 17th, 2020 - OOTP Baseball 20.8 Build 74
|
|